 Dungeon Crawl Stone Soup version 0.28.0 (webtiles) character file.

Game seed: 11788920835104499362

730 pkoi the Slasher (level 7, 0/61 HPs)
             Began as a Minotaur Fighter on Feb 4, 2022.
             Was a Follower of Okawaru.
             Killed from afar by an acid dragon (9 damage)
             ... with a splash of acid
             ... on level 5 of the Dungeon.
             The game lasted 00:03:57 (4331 turns).

pkoi the Slasher (Minotaur Fighter)                 Turns: 4331, Time: 00:03:58

Health: 0/61       AC: 11    Str: 22    XL:     7   Next: 44%
Magic:  7/7        EV:  9    Int:  5    God:    Okawaru [*.....]
Gold:   193        SH:  5    Dex: 10    Spells: 6/6 levels left

rFire   . . .      SeeInvis .   a - +1 long sword
rCold   . . .      Faith    .   c - +0 buckler
rNeg    . . .      Spirit   .   b - +0 scale mail
rPois   .          Reflect  .   (helmet restricted)
rElec   .          Harm     .   q - +0 cloak
rCorr   .          Rampage  .   k - +1 pair of gloves
Will    .....                   (no boots)
Stlth   ..........              (no amulet)
HPRegen 0.20/turn               h - ring of wizardry
MPRegen 0.10/turn               (no ring)

@: no status effects
A: horns 2, retaliatory headbutt
a: Renounce Religion, Heroism


You were on level 5 of the Dungeon.
You worshipped Okawaru.
Okawaru was aware of your devotion.
You visited 1 branch of the dungeon, and saw 5 of its levels.

You collected 193 gold pieces.

Inventory:

Hand Weapons
 a - a +1 long sword (weapon)
Armour
 b - a +0 scale mail (worn)
 c - a +0 buckler (worn)
 k - a +1 pair of gloves (worn)
 q - a +0 cloak (worn)
Jewellery
 h - a ring of wizardry (left hand)
Wands
 l - a wand of flame (15)
Scrolls
 p - a scroll of identify
Potions
 d - a potion of might
 e - a potion of heal wounds {unknown}
 f - a potion of flight
 g - 3 potions of curing {unknown}
 i - a potion of resistance
 j - a potion of ambrosia {unknown}
 m - a potion of cancellation
 n - 2 potions of brilliance {unknown}


   Skills:
 + Level 5.5 Fighting
 * Level 6.5 Long Blades
 + Level 5.6 Armour
 - Level 5.0 Shields
 + Level 1.7 Invocations
 + Level 1.5 Evocations


You had 6 spell levels left.
You didn't know any spells.
Your spell library contained the following spells:

 Spells                   Type           Power      Damage    Failure   Level
 Apportation              Tloc           0%         N/A       52%         1
 Sting                    Tmut/Pois      0%         1d3       52%         1
 Leda's Liquefaction      Hex/Erth       0%         N/A       99%         4
 Alistair's Intoxication  Tmut/Pois      0%         N/A       100%        5
 Lee's Rapid Deconstruct  Erth           0%         3d5*      100%        5
 Statue Form              Tmut/Erth      0%         N/A       100%        6


Dungeon Overview and Level Annotations

Branches:
Dungeon (5/15)
 Temple: D:4-7

Altars:
Fedhas
Okawaru
Sif Muna
Xom


Innate Abilities, Weirdness & Mutations

You have a pair of horns on your head.
You reflexively headbutt those who attack you in melee.


Message History

You hit the acid dragon.
The acid dragon is moderately wounded.
The acid dragon spits acid at you. The splash of acid hits you!
* * * LOW HITPOINT WARNING * * *
The acid dragon closely misses you.
The acid dragon claws you but does no damage.
You closely miss the acid dragon. You headbutt the acid dragon!
The acid dragon is heavily wounded.
The acid dragon bites you.
* * * LOW HITPOINT WARNING * * *
The acid dragon claws you but does no damage.
You slash the acid dragon!
The acid dragon is severely wounded.
The acid dragon spits acid at you. The splash of acid hits you!
* * * LOW HITPOINT WARNING * * *
Unknown command.
You closely miss the acid dragon.
The acid dragon is severely wounded.
The acid dragon bites you.
* * * LOW HITPOINT WARNING * * *
The acid dragon claws you.
* * * LOW HITPOINT WARNING * * *
Unknown command.
You closely miss the acid dragon.
The acid dragon is severely wounded.
You block the acid dragon's attack.
The acid dragon claws you but does no damage.
Unknown command.
You hit the acid dragon.
The acid dragon is almost dead.
You block the acid dragon's attack. The acid dragon claws you.
* * * LOW HITPOINT WARNING * * *
Unknown command.
You hit the acid dragon.
The acid dragon is almost dead.
The acid dragon spits acid at you. The splash of acid hits you!
You die...

*,##......##,,**,#.#<..#,********
*,,##......##,,,,#.#...#,,,,,,,,,
**,,##......##,,*#.....#########.
*,,,,##......##,,#...............
*,**,,##......##,##..#####.######
***,,,,##......##*#.......##
*,,,**,,##......###.>[.....#
*,***,,,*##......##.#####..#
***,,,**#......#@##........#
*,,,***......###D#####.#.#.#
*,***,.....###...# #.....#
*+*,,,...###.h..## ###.###
*,,,,,.###....#.,* ####)#
,,,,,***,WD##.##,*###....#
*,,***,,,#,,#,,*,*#<#.#### ****
***********###.#.# #...#.#####


You could see an acid dragon (catching breath).

Vanquished Creatures
  A black bear (D:4)
  An ogre (D:5)
  A phantom (D:5)
  A scorpion (D:5)
  A crimson imp (D:4)
  A gnoll shaman (D:4)
  2 hounds
  A bullfrog skeleton (D:5)
  A centaur skeleton (D:5)
  Terence (D:2)
  An orc wizard (D:3)
  8 gnolls
  4 adders
  2 worms
  3 dart slugs
  4 orcs (D:3)
  11 ball pythons
  6 bats
  6 endoplasms
  2 giant cockroaches
  7 goblins
  5 hobgoblins
  6 quokkas
  4 frilled lizards
  3 kobolds
  5 rats
88 creatures vanquished.

Vanquished Creatures (others)
  A fungus (D:2)
  4 plants (D:2)
5 creatures vanquished.

Grand Total: 93 creatures vanquished

Notes
Turn   | Place    | Note
-------+----------+-------------------------------------------
     0 | D:1      | pkoi the Minotaur Fighter began the quest for the Orb.
     0 | D:1      | Reached XP level 1. HP: 19/19 MP: 0/0
    36 | D:1      | Reached XP level 2. HP: 7/27 MP: 1/1
   321 | D:1      | Reached skill level 3 in Long Blades
   645 | D:1      | Reached XP level 3. HP: 28/33 MP: 2/2
  1410 | D:2      | Found a faded altar of an unknown god.
  1414 | D:2      | Got Plato's Incunabulum of Envenoming
  1428 | D:2      | Identified the +1 ring mail "Teuveng" {rElec rPois rF+
                  | Slay-3}
  1648 | D:2      | Reached XP level 4. HP: 35/40 MP: 3/3
  1779 | D:2      | Noticed Terence
  1783 | D:2      | Killed Terence
  1784 | D:2      | Reached skill level 4 in Long Blades
  2472 | D:3      | Reached XP level 5. HP: 32/47 MP: 4/4
  2698 | D:3      | Found a shimmering altar of Xom.
  3431 | D:4      | Reached skill level 5 in Long Blades
  3549 | D:4      | Reached XP level 6. HP: 55/55 MP: 5/5
  3557 | D:4      | Reached skill level 5 in Shields
  3734 | D:4      | Found an iron altar of Okawaru.
  3742 | D:4      | Became a worshipper of Warmaster Okawaru
  3842 | D:4      | Reached skill level 5 in Fighting
  3842 | D:4      | Reached skill level 5 in Armour
  4060 | D:4      | Found a shimmering blue altar of Sif Muna.
  4103 | D:5      | Entered Level 5 of the Dungeon
  4252 | D:5      | Found a blossoming altar of Fedhas.
  4305 | D:5      | Noticed an acid dragon
  4308 | D:5      | Reached skill level 6 in Long Blades
  4308 | D:5      | Reached skill level 1 in Invocations
  4308 | D:5      | Reached XP level 7. HP: 61/61 MP: 6/6
  4310 | D:5      | Reached skill level 1 in Evocations
  4320 | D:5      | Reached * piety under Okawaru
  4331 | D:5      | Killed from afar by an acid dragon

Illustrated notes

Levels and vault maps discovered:
D:1:      minmay_arrival_semitransparent, layout_basic, minmay_pentomino_w4
D:2:      layout_rooms, shapermc_ecumenical_altar_rom_forum, grunt_ministairs_4,
          uniq_terence
D:3:      layout_basic, mainiacjoe_overflow_surrounded_room,
          nicolae_overflow_hidden_temple, minmay_crystal_water,
          chequers_serial_rivers_room_b
D:4:      layout_basic, lemuel_crystal_altar, led_sif_book,
          minmay_fire_ice_demons
D:5:      minmay_razor_zed, layout_basic, lemuel_tele_altar, kennysheep_mini,
          yredelemnul_altar_generic

Skill      XL: |  1  2  3  4  5  6  7 |
---------------+----------------------+-----
Long Blades    | 3 4 5 6 |  6.5
Fighting       | 4 5 |  5.5
Armour         | 4 5 |  5.6
Shields        | 4 5 |  5.0
Invocations    | 1 |  1.7
Evocations     | 1 |  1.5

Action                   |  1- 3 |  4- 6 |  7- 9 || total
-------------------------+-------+-------+-------++-------
Melee: Long sword        |    90 |   128 |    24 ||   242
       Headbutt          |     7 |    22 |     4 ||    33
  Use: Scroll            |       |     9 |       ||     9
Armor: Scale mail        |    70 |    69 |     9 ||   148
Dodge: Dodged            |    38 |    48 |     8 ||    94
Block: Buckler           |    26 |    26 |     3 ||    55
